 Dungeon Crawl Stone Soup version 0.31-a0-1237-gabc64e7 (webtiles) character file.

Game seed: 14760410385033099809

3636 lunatic the Slicer (level 10, -10/56 HPs)
             Began as a Kobold Enchanter on Dec 15, 2023.
             Was a Follower of Uskayaw.
             Killed from afar by Jeremiah (13 damage)
             ... with a bolt of dispelling energy
             ... on level 7 of the Dungeon.
             The game lasted 00:19:12 (6311 turns).

lunatic the Slicer (Kobold Enchanter)               Turns: 6311, Time: 00:19:14

Health: -10/56     AC:  9    Str:  5    XL:     10   Next: 33%
Magic:  8/15       EV: 16    Int: 18    God:    Uskayaw [*.....]
Gold:   240        SH:  0    Dex: 19    Spells: 5/16 levels left

rFire   + . .        a - +4 short sword (drain)
rCold   . . .        (no shield)
rNeg    . . .        w - +3 leather armour {rF+}
rPois   .            h - +0 helmet
rElec   .            (no cloak)
rCorr   +            x - +1 pair of gloves
SInv    .            (no boots)
Will    .....        q - amulet of magic regeneration
Stlth   ++++         p - ring of wizardry
HPRegen 0.29/turn    y - ring of resist corrosion
MPRegen 0.54/turn

%: wizardry (x1)
@: very slightly contaminated
A: small, no large weapons, nightstalker 3
a: Renounce Religion, Stomp


You were on level 7 of the Dungeon.
You worshipped Uskayaw.
Uskayaw was noncommittal.
You visited 2 branches of the dungeon, and saw 8 of its levels.

You collected 464 gold pieces.
You spent 224 gold pieces at shops.

Inventory:

Hand Weapons
 a - a +4 short sword of draining (weapon)
 b - a +3 dagger
Armour
 h - a +0 helmet (worn)
 i - a +0 buckler
 w - a +3 leather armour of fire resistance (worn)
 x - a +1 pair of gloves (worn)
Jewellery
 p - a ring of wizardry (left hand)
 q - an amulet of magic regeneration (around neck)
 y - a ring of resist corrosion (right hand)
 C - a ring of fire
Wands
 t - a wand of flame (7)
 F - a wand of roots (5)
 G - a wand of quicksilver (4)
Scrolls
 d - a scroll of silence
 j - 4 scrolls of teleportation
 k - a scroll of vulnerability
 m - a scroll of enchant armour
 n - 2 scrolls of revelation
 o - a scroll of fog
 r - 2 scrolls of poison
 u - 2 scrolls of immolation
 v - a scroll of brand weapon
 B - a scroll of amnesia {unknown}
 E - a scroll of blinking {unknown}
Potions
 c - 2 potions of invisibility
 e - 3 potions of attraction
 f - a potion of magic {unknown}
 g - a potion of enlightenment
 l - a potion of resistance {unknown}
 s - a potion of berserk rage {unknown}
 z - a potion of brilliance {unknown}
 A - 3 potions of curing
 D - a potion of heal wounds


   Skills:
 + Level 3.4 Fighting
 - Level 10.0 Short Blades
 + Level 2.4 Armour
 + Level 4.6 Dodging
 + Level 6.1 Stealth
 + Level 2.4 Shields
 + Level 3.9 Spellcasting
 - Level 3.0 Conjurations
 + Level 7.7 Hexes
 + Level 3.0 Ice Magic
 + Level 2.0 Invocations


You had 5 spell levels left.
You knew the following spells:

 Your Spells              Type           Power      Damage    Failure   Level
a - Ensorcelled Hibernat  Hex/Ice        46%        N/A       1%          2
b - Tukima's Dance        Hex            31%        N/A       1%          3
c - Dazzling Flash        Conj/Hex       44%        N/A       3%          3
d - Confusing Touch       Hex            31%        N/A       1%          3

Your spell library contained the following spells:

 Spells                   Type           Power      Damage    Failure   Level


Dungeon Overview and Level Annotations

Branches:
Dungeon (7/15)             Temple (1/1) D:6

Altars:
Ashenzari
Cheibriados
Dithmenos
Elyvilon
Fedhas
Gozag
Kikubaaqudgha
Makhleb
Nemelex Xobeh
Qazlal
Trog
Uskayaw
Vehumet
Xom
Yredelemnul
Zin

Shops:
D:2 :   D:3 [   D:4 (   D:6 !

Annotations:
D:4 Grinder
D:7 Jeremiah


Innate Abilities, Weirdness & Mutations

You are small and have problems with some larger weapons.
You are completely attuned to the shadows.


Message History

You are very lightly contaminated with residual magic.
Nothing appears to happen.
You miss the butterfly.
Casting: Ensorcelled Hibernation (safe; 1% risk of failure)
Confirm with . or Enter, or press ? or * to list all spells.
Aiming: Ensorcelled Hibernation (safe; 1% risk of failure)
Press: ? - help, Shift-Dir - straight line, f/p - Jeremiah
Aim: Jeremiah, wearing a +0 robe, wearing an orb of energy and carrying a wand of quicksilver (heavily wounded, lightly drained, chance to affect: 42%) Jeremiah resists with some effort.
Jeremiah hops!
Unknown command.
Jeremiah zaps a wand.
The bolt of dispelling energy hits the butterfly!
The butterfly dies!
The butterfly disappears in a burst of colours!
The bolt of dispelling energy hits you!
* * * LOW HITPOINT WARNING * * *
Casting: Ensorcelled Hibernation (safe; 1% risk of failure)
Confirm with . or Enter, or press ? or * to list all spells.
Aiming: Ensorcelled Hibernation (safe; 1% risk of failure)
Press: ? - help, Shift-Dir - straight line, f/p - Jeremiah
Aim: Jeremiah, wearing a +0 robe, wearing an orb of energy and carrying a wand of quicksilver (heavily wounded, lightly drained, chance to affect: 42%) Jeremiah resists with some effort.
The butterfly disappears in a burst of colours!
Jeremiah shouts, "O dreadful one, destroy my foe!"
Something smites you!
* * * LOW HITPOINT WARNING * * *
Casting: Ensorcelled Hibernation (safe; 1% risk of failure)
Confirm with . or Enter, or press ? or * to list all spells.
Aiming: Ensorcelled Hibernation (safe; 1% risk of failure)
Press: ? - help, Shift-Dir - straight line, f/p - Jeremiah
Aim: Jeremiah, wearing a +0 robe, wearing an orb of energy and carrying a wand of quicksilver (heavily wounded, lightly drained, chance to affect: 42%) Jeremiah resists with some effort.
The butterfly disappears in a burst of colours!
Jeremiah zaps a wand.
The bolt of dispelling energy hits the butterfly!!
The butterfly dies!
The butterfly disappears in a burst of colours!
The bolt of dispelling energy hits you!
You die...
Jeremiah wails, "I didn't mean to kill anyone!
I'm not a murderer!"

...............##
...............#
..............
##...†.b...
##b.†......
#b.........
#.b.b...)..
#...b.b....
#..##@.b...
#....†b.F..
#...#...b##
#...#...##
#...#....#
#.......##


You could see Jeremiah (drained).

Vanquished Creatures
  Maurice (D:7)
  Prince Ribbit (D:6)
  A steam dragon (D:6)
  Menkaure (D:7)
  Edmund (D:6)
  A water moccasin (D:5)
  2 ice beasts
  2 sky beasts
  5 black bears
  3 ogres
  A centaur (D:6)
  2 phantoms (D:5)
  A bullfrog (D:7)
  2 scorpions (D:5)
  4 killer bees (D:7)
  4 howler monkeys
  5 hounds
  5 jellies
  4 iguanas
  An orc priest (D:4)
  2 orc wizards (D:4)
  2 sleepcaps
  Robin (D:4)
  6 adders
  7 river rats (D:6)
  A shadow imp (D:5)
  2 white imps (D:5)
  2 ufetubi (D:5)
  2 worms
  2 dart slugs
  8 orcs
  5 endoplasms
  3 giant cockroaches
  19 goblins
  9 hobgoblins
  6 jackals
  11 quokkas
  5 ball pythons
  2 frilled lizards (D:1)
  A kobold (D:1)
  25 rats
168 creatures vanquished.

Vanquished Creatures (others)
  A dancing weapon (D:7)
1 creature vanquished.

Grand Total: 169 creatures vanquished

Notes
Turn   | Place    | Note
-------+----------+-------------------------------------------
     0 | D:1      | lunatic the Kobold Enchanter began the quest for the Orb.
     0 | D:1      | Reached XP level 1. HP: 10/10 MP: 3/3
    96 | D:1      | Reached skill level 2 in Short Blades
   144 | D:1      | Reached XP level 2. HP: 15/15 MP: 5/5
   506 | D:1      | Learned a level 2 spell: Ensorcelled Hibernation
   751 | D:1      | Reached XP level 3. HP: 19/19 MP: 6/6
   973 | D:2      | Found Qetearr's Book Shoppe.
   978 | D:2      | Learned a level 3 spell: Tukima's Dance
   987 | D:2      | Reached skill level 3 in Short Blades
  1462 | D:2      | Reached XP level 4. HP: 24/24 MP: 7/7
  1898 | D:3      | Found a faded altar of an unknown god.
  1959 | D:3      | Found a snail-covered altar of Cheibriados.
  2055 | D:3      | Found Xoazaus's Antique Armour Boutique.
  2059 | D:3      | Bought a runed leather armour for 120 gold pieces
  2267 | D:3      | Found a glowing silver altar of Zin.
  2519 | D:4      | Noticed an ogre
  2529 | D:4      | Killed an ogre
  2530 | D:4      | Reached skill level 4 in Short Blades
  2530 | D:4      | Reached XP level 5. HP: 28/28 MP: 2/8
  2589 | D:4      | Noticed Grinder
  2654 | D:4      | Found Bet Kuqu's Weapon Boutique.
  2783 | D:4      | Found a white marble altar of Elyvilon.
  2841 | D:4      | Reached skill level 5 in Short Blades
  2841 | D:4      | Reached XP level 6. HP: 32/32 MP: 9/9
  2845 | D:4      | Learned a level 3 spell: Dazzling Flash
  3000 | D:4      | Reached skill level 5 in Hexes
  3005 | D:4      | Reached skill level 1 in Conjurations
  3439 | D:4      | Noticed Robin
  3447 | D:4      | Killed Robin
  3448 | D:4      | Reached XP level 7. HP: 12/36 MP: 5/10
  3781 | D:5      | Entered Level 5 of the Dungeon
  3851 | D:5      | Reached skill level 6 in Short Blades
  3870 | D:5      | Noticed a water moccasin
  3873 | D:5      | Killed a water moccasin
  4177 | D:5      | Reached skill level 7 in Short Blades
  4177 | D:5      | Reached XP level 8. HP: 37/41 MP: 11/11
  4348 | D:5      | Found a radiant altar of Vehumet.
  4354 | D:5      | Learned a level 3 spell: Confusing Touch
  4483 | D:5      | Reached skill level 8 in Short Blades
  4600 | D:5      | Reached skill level 9 in Short Blades
  5073 | D:6      | Reached XP level 9. HP: 44/45 MP: 12/12
  5178 | D:6      | Reached skill level 1 in Ice Magic
  5308 | D:6      | Noticed Edmund
  5311 | D:6      | Killed Edmund
  5312 | D:6      | Reached skill level 1 in Fighting
  5312 | D:6      | Reached skill level 1 in Armour
  5312 | D:6      | Found Rottucah's Distillery.
  5350 | D:6      | Bought a potion of heal wounds for 65 gold pieces
  5350 | D:6      | Bought a potion of curing for 39 gold pieces
  5387 | D:6      | Reached skill level 1 in Shields
  5468 | D:6      | Noticed Prince Ribbit
  5473 | D:6      | Killed Prince Ribbit
  5474 | D:6      | Reached skill level 5 in Stealth
  5596 | D:6      | Reached skill level 10 in Short Blades
  5624 | D:6      | Found a staircase to the Ecumenical Temple.
  5630 | Temple   | Entered the Ecumenical Temple
  5663 | Temple   | Became a worshipper of Uskayaw the Reveller
  5771 | D:6      | Found a blossoming altar of Fedhas.
  5865 | D:6      | Found a shimmering altar of Xom.
  5964 | D:7      | Noticed Menkaure
  5973 | D:7      | Reached * piety under Uskayaw
  5979 | D:7      | Reached ** piety under Uskayaw
  5981 | D:7      | Reached *** piety under Uskayaw
  5982 | D:7      | Killed Menkaure
  5983 | D:7      | Reached XP level 10. HP: 30/54 MP: 10/15
  6029 | D:7      | Noticed Maurice
  6045 | D:7      | Killed Maurice
  6046 | D:7      | Reached skill level 1 in Invocations
  6265 | D:7      | Reached **** piety under Uskayaw
  6269 | D:7      | Reached ***** piety under Uskayaw
  6287 | D:7      | Noticed Jeremiah
  6311 | D:7      | Killed from afar by Jeremiah

Illustrated notes

Levels and vault maps discovered:
D:1:      shiori_shiawase, layout_loops_ring, minmay_crystal_room
D:2:      layout_rooms, serial_shops, nicolae_shop_tiny_statue_garden
D:3:      layout_basic, marbit_many_paths, old_standard_altar,
          hellmonk_ecumenical_altar_lost_god, serial_shops,
          nicolae_shop_pleasant_corner_grove
D:4:      kennysheep_goblin_castle, layout_gridville, kennysheep_little_box,
          tgw_sif, serial_shops, shop, grunt_ministairs_15, uniq_grinder
D:5:      wad_river_or_something, layout_loops_ring, vehumet_altar_wand_db
D:6:      lemuel_ratsnest, layout_rooms, fedhas_ov_isle_minmay,
          lemuel_coloured_pillars_altar, minmay_temple_entry_enclosed_plants,
          serial_shops, nicolae_shop_peninsula, uniq_edmund, uniq_prince_ribbit1
D:7:      layout_cave_pools, nicolae_hepliaklqana_monster_ancestors,
          uniq_jeremiah, uniq_menkaure, uniq_maurice
Temple:   hellmonk_temple_beads

Skill      XL: |  1  2  3  4  5  6  7  8  9 10 |
---------------+-------------------------------+-----
Short Blades   | 2 3 4 5 7 9 10 | 10.0
Hexes          | 4 5 6 7 |  7.7
Conjurations   | 1 3 |  3.0
Ice Magic      | 2 3 |  3.0
Fighting       | 2 3 |  3.4
Armour         | 2 |  2.4
Dodging        | 4 |  4.6
Shields        | 1 2 |  2.4
Stealth        | 5 6 |  6.1
Spellcasting   | 3 |  3.9
Invocations    | 2 |  2.0

Action                     |  1- 3 |  4- 6 |  7- 9 | 10-12 || total
---------------------------+-------+-------+-------+-------++-------
  Melee: Dagger            |    52 |       |       |       ||    52
         Punch             |     1 |     1 |     1 |       ||     3
         Short sword       |     9 |    72 |   223 |    42 ||   346
   Cast: Ensorcelled Hiber |     4 |    17 |    30 |     7 ||    58
         Confusing Touch   |       |       |     4 |     1 ||     5
         Dazzling Flash    |       |       |       |     4 ||     4
         Tukima's Dance    |       |       |       |     2 ||     2
 Invoke: Line Pass         |       |       |       |     1 ||     1
  Evoke: Wand              |       |       |       |     1 ||     1
    Use: Scroll            |     2 |     2 |     6 |       ||    10
         Potion            |       |     2 |       |     1 ||     3
   Stab: Sleeping          |    16 |    17 |    31 |     1 ||    65
         Confused          |       |       |     3 |     1 ||     4
         Paralysed         |       |       |     1 |     1 ||     2
         Invisible         |       |       |       |     5 ||     5
 Armour: Robe              |    13 |       |       |       ||    13
         Leather armour    |       |    35 |    80 |    22 ||   137
  Dodge: Dodged            |    26 |    40 |   122 |    36 ||   224

Table legend: (Time is in decaauts)
 A = Elapsed time spent in this place.
 B = Non-inter-level travel time spent in this place.
 C = Inter-level travel time spent in this place.
 D = Time resting spent in this place.
 E = Time spent auto-exploring this place.
 F = Levels seen in this place.
 G = Mean time per level.
                   A        B        C        D        E       F      G
               +--------+--------+--------+--------+--------+-----+--------+
         Total |   6171 |   5832 |    339 |    103 |   4733 |   8 |  771.4 |
       Dungeon |   6105 |   5831 |    274 |    103 |   4733 |   7 |  872.1 |
        Temple |     66 |      1 |     65 |      0 |      0 |   1 |   66.0 |
               +--------+--------+--------+--------+--------+-----+--------+

Top non-repeatable levels by time:
     D:4: 1263 daAuts
     D:5: 1147 daAuts
     D:6: 882 daAuts
     D:3: 867 daAuts
     D:1: 835 daAuts
     D:2: 785 daAuts
     D:7: 322 daAuts
  Temple: 66 daAuts
